 Dungeon Crawl Stone Soup version 0.30.1-4-g462c640d31 (webtiles) character file.

Game seed: 11281196007055182939

1476 Wiggles the Cleaver (level 8, 0/99 (109) HPs)
             Began as a Minotaur Berserker on Sept 7, 2023.
             Was a Priest of Trog.
             Slain by a wight
             ... wielding a +4 great sword of freezing
              (3 damage)
             ... on level 6 of the Dungeon.
             The game lasted 00:05:55 (3626 turns).

Wiggles the Cleaver (Minotaur Berserker)            Turns: 3626, Time: 00:05:56

HP:   0/99 (109)    AC: 10    Str: 30    XL:     8   Next: 49%
MP:   7/7           EV: 10    Int: 10    God:    Trog [***...]
Gold: 362           SH:  0    Dex: 10    Spells: 7/7 levels left

rFire   . . .        D - +0 battleaxe (heavy)
rCold   . . .        (shield currently unavailable)
rNeg    . . .        r - +0 chain mail
rPois   .            (helmet restricted)
rElec   .            (no cloak)
rCorr   .            (no gloves)
SInv    .            (no boots)
Will    .....        y - amulet of regeneration Stlth
                     g - +6 ring of strength
HPRegen 1.16/turn    v - +6 ring of intelligence
MPRegen 0.10/turn

%: no passive effects
@: berserking, drained, very quick
A: horns 2, retaliatory headbutt
a: Renounce Religion, Berserk, Trog's Hand


You were on level 6 of the Dungeon.
You worshipped Trog.
Trog was most pleased with you.
You visited 1 branch of the dungeon, and saw 6 of its levels.

You collected 362 gold pieces.

Inventory:

Hand Weapons
 D - a +0 heavy battleaxe (weapon)
Armour
 r - a +0 chain mail (worn)
 B - a +0 buckler
Jewellery
 g - a +6 ring of strength (left hand)
 v - a +6 ring of intelligence (right hand)
 y - an amulet of regeneration (around neck)
Wands
 F - a wand of light (13)
Scrolls
 a - 2 scrolls of enchant weapon {unknown}
 f - 9 scrolls of identify {unknown}
 h - 2 scrolls of fear {unknown}
 k - 2 scrolls of vulnerability {unknown}
 m - 2 scrolls of blinking {unknown}
 p - 3 scrolls of immolation {unknown}
 q - 2 scrolls of amnesia {unknown}
 s - a scroll of noise {unknown}
 t - a scroll of brand weapon {unknown}
 u - a scroll of magic mapping {unknown}
 w - a scroll of poison {unknown}
 x - 5 scrolls of enchant armour {unknown}
 C - 3 scrolls of teleportation {unknown}
Potions
 b - 2 potions of lignification {unknown}
 c - 2 potions of magic {unknown}
 d - 2 potions of degeneration {unknown}
 e - 3 potions of invisibility {unknown}
 i - a potion of ambrosia {unknown}
 j - 4 potions of curing {unknown}
 l - a potion of brilliance {unknown}
 n - a potion of attraction {unknown}
 o - 3 potions of flight {unknown}
 z - 5 potions of mutation {unknown}
 A - a potion of haste {unknown}
 E - a potion of heal wounds {unknown}


   Skills:
 + Level 7.0 Fighting
 + Level 8.7 Axes
 + Level 7.3 Armour
 + Level 3.6 Dodging
 + Level 0.6 Stealth
 + Level 0.9 Shields


You had 7 spell levels left.
You didn't know any spells.
Your spell library was empty.

Dungeon Overview and Level Annotations

Branches:
Dungeon (6/15)             Temple (0/1) D:6

Altars:
Vehumet
Yredelemnul

Shops:
D:5 *


Innate Abilities, Weirdness & Mutations

You have a pair of horns on your head.
You reflexively headbutt those who attack you in melee.


Message History

Found a stone staircase leading up.
There is a stone staircase leading up here.
You open the door.
There is an open door here.
There is an open door here. 2 wights come into view.
A wight comes into view.
It is wielding a +4 great sword of freezing.
The wight hits you with a +5 falchion!
You feel drained.
You closely miss the wight. The wight barely misses you.
The wight hits you with a +5 falchion!
You feel drained.
You barely miss the wight. The wight hits you with a +5 falchion.
The wight hits you with a +5 falchion!
You feel drained.
You barely miss the wight. The wight hits you but does no damage.
The wight hits you with a +5 falchion!
You open the wight like a pillowcase!!!
You destroy the wight!
Trog accepts your kill.
The wight hits you with a +0 long sword!
You feel drained.
You barely miss the wight. You headbutt the wight.
The wight is lightly damaged.
The wight closely misses you. You furiously retaliate!
You headbutt the wight!
You destroy the wight!
Trog accepts your kill.
Your Fighting skill increases to level 7!
The wight hits you with a +4 great sword of freezing!
* * * LOW HITPOINT WARNING * * *
You feel drained.
* * * LOW HITPOINT WARNING * * *
The wight freezes you!
* * * LOW HITPOINT WARNING * * *
Items here: )) [[.
A red film seems to cover your vision as you go berserk!
You feel yourself moving faster!
You feel mighty!
The wight hits you with a +4 great sword of freezing!
* * * LOW HITPOINT WARNING * * *
You feel drained.
* * * LOW HITPOINT WARNING * * *
The wight freezes you.
You die...

... #.# #.#
#.# ... #.#
#z# #@# #.#
#.# #.# #.#
#.#######
## ###
#.......##
#. ..[
####.###.##
#.
###.####.##
##.## ###'


You could see a wight.

Vanquished Creatures
  A human (D:4)
  2 steam dragons
  A water moccasin (D:6)
  A black bear (D:3)
  3 ogres (D:5)
  A scorpion (D:5)
  2 wights (D:6)
  2 jellies
  2 hounds
  An orc priest (D:5)
  A sleepcap (D:4)
  Natasha (thrice) (D:3)
  2 iguanas
  2 orc wizards
  3 adders
  An ufetubus (D:5)
  4 worms
  A dart slug (D:2)
  12 orcs
  11 ball pythons
  4 endoplasms
  6 goblins
  9 hobgoblins
  3 jackals (D:4)
  4 quokkas
  4 bats
  2 frilled lizards (D:1)
  A goblin zombie (D:4)
  6 kobolds
  6 rats
101 creatures vanquished.

Notes
Turn   | Place    | Note
-------+----------+-------------------------------------------
     0 | D:1      | Wiggles the Minotaur Berserker began the quest for the Orb.
     0 | D:1      | Reached XP level 1. HP: 19/19 MP: 0/0
   316 | D:1      | Reached XP level 2. HP: 27/27 MP: 1/1
   408 | D:1      | Reached skill level 4 in Axes
   693 | D:2      | Found a faded altar of an unknown god.
   979 | D:2      | Reached ** piety under Trog
   980 | D:2      | Reached XP level 3. HP: 19/33 MP: 2/2
  1573 | D:3      | Reached XP level 4. HP: 9/41 MP: 3/3
  1758 | D:3      | Reached skill level 5 in Axes
  1934 | D:3      | Identified the +9 trident "Paumeg" {elec, rC- rN+++ Int+4
                  | Dex-4}
  1954 | D:3      | Noticed Natasha
  1960 | D:3      | Killed Natasha
  1961 | D:3      | Reached XP level 5. HP: 26/47 MP: 4/4
  2043 | D:3      | Identified the +0 ring mail of Midnight {rF+ Str-4 Int+5
                  | Dex+5}
  2098 | D:3      | Noticed a black bear
  2104 | D:3      | Killed a black bear
  2105 | D:3      | Reached skill level 5 in Fighting
  2134 | D:3      | Found a radiant altar of Vehumet.
  2333 | D:3      | Noticed Natasha
  2342 | D:3      | Killed Natasha
  2343 | D:3      | Reached XP level 6. HP: 56/56 MP: 5/5
  2386 | D:3      | Noticed Natasha
  2392 | D:3      | Killed Natasha
  2425 | D:4      | Reached *** piety under Trog
  2440 | D:4      | Found a runed translucent door.
  2440 | D:4      | Noticed a human
  2446 | D:4      | Reached skill level 6 in Axes
  2452 | D:4      | Found a basalt altar of Yredelemnul.
  2469 | D:4      | Killed a human
  2470 | D:4      | Reached skill level 5 in Armour
  2604 | D:4      | Reached XP level 7. HP: 60/62 MP: 6/6
  2827 | D:5      | Entered Level 5 of the Dungeon
  2861 | D:5      | Identified the +8 whip of a Labyrinth {pain, rF- Int+3
                  | Dex+3 SInv}
  2930 | D:5      | Noticed a steam dragon
  2932 | D:5      | Reached skill level 7 in Axes
  2939 | D:5      | Killed a steam dragon
  3039 | D:5      | Reached XP level 8. HP: 68/71 MP: 7/7
  3164 | D:5      | Found Vuasken's CLEARANCE SALE!.
  3424 | D:6      | Reached skill level 8 in Axes
  3439 | D:6      | Found a staircase to the Ecumenical Temple.
  3626 | D:6      | HP: 5/102 [wight/+4 great sword of freezing (11)]
  3626 | D:6      | Slain by a wight

Illustrated notes

Levels and vault maps discovered:
D:1:      kilobyte_arrival_exit_the_forest, layout_rooms, minmay_misc_feat_five
D:2:      layout_basic, ebering_ecumenical_altar_webs
D:3:      minmay_general_purpose_star, layout_rooms, nicolae_vehumet_radiance,
          uniq_natasha
D:4:      layout_basic, dk_yredelemnul_ordeal
D:5:      layout_cave_pools, nicolae_shop_clearance
D:6:      layout_loops_ring, mainiacjoe_overflow_concentric_impassable,
          minmay_temple_entry_hall, minmay_unpleasant_kobolds

Skill      XL: |  1  2  3  4  5  6  7  8 |
---------------+-------------------------+-----
Fighting       | 4 5 6 7 |  7.0
Axes           | 4 5 6 7 8 |  8.7
Armour         | 3 4 5 6 7 |  7.3
Dodging        | 3 |  3.6
Stealth        | |  0.6
Shields        | |  0.9

Action                     |  1- 3 |  4- 6 |  7- 9 || total
---------------------------+-------+-------+-------++-------
  Melee: Hand axe          |    93 |    51 |    11 ||   155
         Headbutt          |    12 |    10 |     9 ||    31
         Battleaxe         |       |       |    37 ||    37
 Invoke: Berserk           |     1 |     1 |     1 ||     3
   Stab: Distracted        |       |     1 |       ||     1
 Armour: Animal skin       |     9 |       |       ||     9
         Chain mail        |    34 |    22 |    25 ||    81
  Dodge: Dodged            |    52 |    31 |    29 ||   112
  Block: Buckler           |       |     2 |     1 ||     3
